[Event "LEM Niedersachsen-B-Open 2025"]
[Site "Verden"]
[Date "2025.01.05"]
[Round "7.31"]
[White "Koschel, Katharina"]
[Black "Kretschmer, Tom"]
[Result "0-1"]
[ECO "D00"]
[WhiteElo "1671"]
[BlackElo "1776"]
[Annotator "NA RC"]
[PlyCount "44"]
[EventDate "2024.12.27"]
[EventType "swiss"]
[EventCountry "GER"]
[SourceTitle "playchess.com"]
[Source "ChessBase"]
[SourceQuality "1"]
[TimeControl "40/5400+30:1800+30"]

1. d4 d5 2. Nc3 Nc6 3. Bf4 a6 4. e3 Nf6 5. Bd3 Bg4 6. f3 Bh5 7. Nge2 Bg6 8. O-O e6 9. Bg3 Nh5 10. Bf2 Nb4 11. Bxg6 hxg6 12. a3 Nc6 13. e4 Bd6 14. e5 Nxe5 15. dxe5 Bxe5 16. Bg3 Nxg3 17. hxg3 Qd6 18. Kf2 Qb6+ 19. Ke1 Qxb2 20. Kd2 d4 21. Ne4 d3 22. Nf4 dxc2 0-1

[Event "LEM Niedersachsen-B-Open 2025"]
[Site "Verden"]
[Date "2025.01.05"]
[Round "7.32"]
[White "Weist, Hartmut"]
[Black "Wachtel, Edwin"]
[Result "0-1"]
[ECO "B73"]
[WhiteElo "1751"]
[BlackElo "1705"]
[Annotator "NA RC"]
[PlyCount "58"]
[EventDate "2024.12.27"]
[EventType "swiss"]
[EventCountry "GER"]
[SourceTitle "playchess.com"]
[Source "ChessBase"]
[SourceQuality "1"]
[TimeControl "40/5400+30:1800+30"]

1. e4 c5 2. Nf3 d6 3. d4 cxd4 4. Nxd4 Nf6 5. Nc3 g6 6. Be2 Bg7 7. Be3 Bd7 8. Qd2 Nc6 9. O-O O-O 10. Nxc6 bxc6 11. Rab1 Qc7 12. Bh6 Rfd8 13. Bxg7 Kxg7 14. f3 a6 15. Rfd1 d5 16. exd5 cxd5 17. Qe3 Bf5 18. Qd2 d4 19. Ne4 Nxe4 20. fxe4 Bxe4 21. Bd3 Bxd3 22. Qxd3 e5 23. Rd2 f5 24. Rbd1 Qc5 25. Kf1 Rd6 26. c3 Rad8 27. cxd4 Rxd4 28. Qe3 Rf4+ 29. Ke2 Re4 0-1

[Event "LEM Niedersachsen-B-Open 2025"]
[Site "Verden"]
[Date "2025.01.05"]
[Round "7.33"]
[White "Bartels, Jens"]
[Black "Axt, Christian"]
[Result "0-1"]
[ECO "C01"]
[WhiteElo "1705"]
[BlackElo "1819"]
[Annotator "NA RC"]
[PlyCount "31"]
[EventDate "2024.12.27"]
[EventType "swiss"]
[EventCountry "GER"]
[SourceTitle "playchess.com"]
[Source "ChessBase"]
[SourceQuality "1"]
[TimeControl "40/5400+30:1800+30"]

1. Nf3 b5 2. d4 e6 3. e4 a6 4. c4 Bb7 5. cxb5 Bxe4 6. bxa6 Nxa6 7. Bxa6 Rxa6 8. Qe2 Bb7 9. d5 Nf6 10. Bg5 Be7 11. Nc3 O-O 12. Rd1 exd5 13. Nxd5 Nxd5 14. Rxd5 Re6 15. Be3 Bxd5 16. a3 0-1

[Event "LEM Niedersachsen-B-Open 2025"]
[Site "Verden"]
[Date "2025.01.05"]
[Round "7.34"]
[White "Torkler, Wolfgang"]
[Black "Gaertner, Lars-Florian"]
[Result "1/2-1/2"]
[ECO "C44"]
[WhiteElo "1716"]
[BlackElo "1676"]
[Annotator "NA RC"]
[PlyCount "68"]
[EventDate "2024.12.27"]
[EventType "swiss"]
[EventCountry "GER"]
[SourceTitle "playchess.com"]
[Source "ChessBase"]
[SourceQuality "1"]
[TimeControl "40/5400+30:1800+30"]

1. e4 e5 2. d3 Nf6 3. Nf3 Nc6 4. g3 d5 5. Nbd2 Bg4 6. h3 Be6 7. Bg2 Qd7 8. b3 Bb4 9. Ng5 Bc3 10. Rb1 O-O-O 11. Nxe6 fxe6 12. O-O Bxd2 13. exd5 exd5 14. Bxd2 Rhf8 15. b4 e4 16. b5 Nd4 17. Be3 Nxb5 18. Rb3 a6 19. Qe2 Rde8 20. d4 Nd6 21. Rfb1 Qc6 22. h4 Nd7 23. Bh3 Nb5 24. Qd2 Kb8 25. Bxd7 Qxd7 26. a4 Nd6 27. Bf4 b6 28. Qa5 Rxf4 29. gxf4 Nc4 30. Qxa6 e3 31. fxe3 Qg4+ 32. Kf2 Qxh4+ 33. Ke2 Qg4+ 34. Kf2 Qh4+ 1/2-1/2

[Event "LEM Niedersachsen-B-Open 2025"]
[Site "Verden"]
[Date "2025.01.05"]
[Round "7.35"]
[White "Seeber, Helmut"]
[Black "Rinke, Alexander"]
[Result "1-0"]
[ECO "D00"]
[WhiteElo "1695"]
[BlackElo "1550"]
[Annotator "NA RC"]
[PlyCount "57"]
[EventDate "2024.12.27"]
[EventType "swiss"]
[EventCountry "GER"]
[SourceTitle "playchess.com"]
[Source "ChessBase"]
[SourceQuality "1"]
[TimeControl "40/5400+30:1800+30"]

1. e4 c6 2. d4 d5 3. Nc3 dxe4 4. f3 exf3 5. Nxf3 Nf6 6. Bc4 Bf5 7. O-O e6 8. Kh1 h6 9. Bf4 Be7 10. Qe2 Nbd7 11. Rad1 Nb6 12. Bb3 Nbd5 13. Ne5 Nxf4 14. Rxf4 O-O 15. Qf2 Bd6 16. h3 Qc7 17. Re1 Nd7 18. Rxf5 exf5 19. Nxf7 Rxf7 20. Qxf5 Nf6 21. Ne4 Kf8 22. Bxf7 Kxf7 23. Nxf6 g6 24. Qe6+ Kg7 25. Ne8+ Rxe8 26. Qxe8 h5 27. Re6 Qf7 28. Qxf7+ Kxf7 29. Rxd6 1-0